AoeStats
← ivcrk826

Arabia

507063338Analyzed
1v1 RM · 15d ago on Sep 16, 2026· 41m 58s· 2 players
Game mode
Random Map
Map size
Tiny (2 player)
Population
200
Speed
Normal
Resources
Standard
Victory
Conquest
Starting age
Dark Age
Ending age
Imperial Age
RankedLock teamsTeams togetherTeam positionsShared explorationLock speedFull tech treeHidden civsTurbo modeCheats
Victory
Defeat
🇦🇷 Mongols · Argentina
1085
+16
🇮🇹 Italians · Italy
1092
-16
ivcrk826
6:25 Loom
9:32 Feudal Age
10:39 Double-Bit Axe
18:50 Fletching
23:33 Castle Age
21:44 Gold Mining
22:31 Horse Collar
23:35 Crossbowman
24:44 Bodkin Arrow
31:53 Padded Archer Armor
32:15 Town Watch
33:05 Wheelbarrow
34:54 Hand Cart
38:34 Imperial Age
37:46 Light Cavalry
38:37 Bloodlines
39:03 Ballistics
39:26 Scale Barding Armor
40:51 Hussar
41:58 Chain Barding Armor
42:23 Forging
42:45 Conscription
GecTM
10:25 Feudal Age
8:43 Loom
10:29 Feudal Age
14:57 Man-at-Arms
18:14 Double-Bit Axe
20:22 Scale Mail Armor
22:24 Horse Collar
26:55 Castle Age
25:32 Fletching
25:43 Padded Archer Armor
27:29 Elite Skirmisher
28:15 Thumb Ring
38:11 Pikeman
Connection lost

Rejoining the realm…

Still unreachable

The connection could not be restored.

Session expired

The server has moved on; the page needs a fresh start.